 Dungeon Crawl Stone Soup version 0.20.0-15-g7f486f2 (webtiles) character file.

5219 Kosschaser the Carver (level 10, 0/77 HPs)
             Began as a Merfolk Gladiator on June 20, 2017.
             Was a Follower of Uskayaw.
             Slain by a yak (10 damage)
             ... on level 1 of the Lair of Beasts on June 21, 2017.
             The game lasted 00:42:59 (12404 turns).

Kosschaser the Carver (Merfolk Gladiator)          Turns: 12404, Time: 00:43:01

Health: 0/77       AC: 12    Str: 13 (14) XL:     10   Next: 61%
Magic:  10/10      EV: 14    Int:  5 (7)  God:    Uskayaw [*.....]
Gold:   940        SH:  0    Dex: 18 (20) Spells: 9/9 levels left

rFire    . . .     SeeInvis .   O - +2 long sword (slice)
rCold    . . .     Gourm    .   (no shield)
rNeg     . . .     Faith    .   L - +0 scale mail (curse)
rPois    .         Spirit   .   c - +0 helmet
rElec    .         Reflect  .   (no cloak)
rCorr    .         Harm     .   x - +0 pair of gloves
MR       .....                  v - +2 pair of boots
Stlth    +++.......             (no amulet)
Regen    0.3/turn               t - ring of stealth
MPRegen  0.2/turn               G - ring of flight

@: about to teleport
A: change form in water, swift swim, stealthy swim, claws 1, deterioration 1,
low mp 1
a: Stomp, Renounce Religion, Evoke Flight


You were on level 1 of the Lair of Beasts.
You worshipped Uskayaw.
Uskayaw was noncommittal.
You were hungry.

You visited 3 branches of the dungeon, and saw 11 of its levels.
You also visited: Bailey.

You collected 940 gold pieces.

Inventory:

Hand Weapons
 F - a +2 falchion of slicing
 I - a +2 falchion of distortion
 O - a +2 long sword of slicing (weapon)
Missiles
 d - 4 throwing nets (quivered)
Armour
 c - a +0 helmet (worn)
 q - a +0 ring mail
 v - a +2 pair of boots (worn)
 x - a +0 pair of gloves (worn)
 L - a cursed +0 scale mail (worn)
Jewellery
 l - an uncursed ring of protection from fire
 t - a ring of stealth (left hand)
 G - a ring of flight (right hand)
 P - an uncursed ring of ice {unknown}
Wands
 u - a wand of digging (8/24)
 y - a wand of iceblast (10/15)
 H - a wand of random effects (11/48)
Scrolls
 a - 4 scrolls of identify
 b - a scroll of enchant weapon
 f - a scroll of magic mapping {unknown}
 g - a scroll of fog
 j - 3 scrolls of recharging
 m - 3 scrolls of teleportation
 A - a scroll of immolation {unknown}
 E - 3 scrolls of remove curse
 K - a scroll of amnesia {unknown}
Potions
 e - 4 potions of curing
 k - 4 potions of agility {unknown}
 o - 3 potions of mutation {unknown}
 r - 2 potions of magic {unknown}
 s - 4 potions of degeneration {unknown}
 w - a potion of heal wounds {unknown}
 z - 2 potions of might {unknown}
 C - a potion of lignification {unknown}
 D - a potion of brilliance {unknown}
 J - a potion of ambrosia {unknown}
Books
 i - a book of Power

   Spells                             Type                      Level
   a - Iskenderun's Battlesphere      Conjuration/Charms           5
   b - Venom Bolt                     Conjuration/Poison           5
   c - Bolt of Magma                  Conjuration/Fire/Earth       5
   d - Iron Shot                      Conjuration/Earth            6
   e - Orb of Destruction             Conjuration                  7
   f - Spellforged Servitor           Conjuration/Summoning        7
 B - a book of Necromancy

   Spells                             Type                      Level
   a - Pain                           Necromancy                   1
   b - Animate Skeleton               Necromancy                   1
   c - Vampiric Draining              Necromancy                   3
   d - Regeneration                   Charms/Necromancy            3
   e - Animate Dead                   Necromancy                   4
   f - Control Undead                 Necromancy                   4
 M - a book of Changes

   Spells                             Type                      Level
   a - Beastly Appendage              Transmutation                1
   b - Sticks to Snakes               Transmutation                2
   c - Spider Form                    Transmutation/Poison         3
   d - Ice Form                       Ice/Transmutation            4
   e - Blade Hands                    Transmutation                5
Comestibles
 h - 35 fruits
 n - 7 meat rations
 p - 2 royal jellies
 N - 3 bread rations


   Skills:
 + Level 6.6 Fighting
 + Level 11.0 Long Blades
 - Level 2.0 Throwing
 + Level 4.7 Armour
 + Level 8.6 Dodging
 + Level 6.1 Stealth
 * Level 2.5 Evocations


You had 9 spell levels left.
You didn't know any spells.

Dungeon Overview and Level Annotations

Branches:
Dungeon (9/15)             Temple (1/1) D:4            Lair (1/6) D:8
    Orc: D:9-12

Altars:
Ashenzari
Cheibriados
Dithmenos
Elyvilon
Fedhas
Gozag
Hepliaklqana
Kikubaaqudgha
Makhleb
Nemelex Xobeh
Okawaru
Qazlal
Ru
Sif Muna
Trog
Uskayaw
Vehumet
Xom
Yredelemnul
Zin
The Shining One

Annotations:
D:5 striepan's ghost, amateur DEFE


Innate Abilities, Weirdness & Mutations

You revert to your normal form in water.
You are very nimble and swift while swimming.
You are very stealthy in the water. (Stealth+)
You have sharp fingernails.
Your body sometimes deteriorates upon taking damage.
Your magical capacity is low. (-10% MP)


Message History

The yak is severely wounded.
The yak closely misses you.
As you read the scroll of teleportation, it crumbles to dust.
You feel strangely unstable. The yak gores you.
* * * LOW HITPOINT WARNING * * *
The yak gores you!
* * * LOW HITPOINT WARNING * * *
Your body deteriorates!
You feel clumsy. The yak misses you.
Okay, then.
It was a potion of curing.
You feel better. The yak barely misses you. The yak gores you!
* * * LOW HITPOINT WARNING * * *
The yak gores you but does no damage.
You feel better. The yak closely misses you. The yak barely misses you.
The yak misses you.
You barely miss the yak.
The yak is severely wounded.
The yak gores you!
You die...

#######
##.#(#.####
#..........####
##.............#
#..............#
##............YY##
#..#..........YY@#
#.Y#...........Y##
...#...........Y#
.Y##..†.........#
.Y##............#
Y#.##...........#
Y###.........####
.#####.....P## #.#
########


You could see 6 yaks.

Vanquished Creatures
  A two-headed ogre (D:8)
  A komodo dragon (D:8)
  Edmund (D:6)
  An ice beast (D:5)
  6 orc warriors
  A sky beast (D:8)
  7 ogres
  The ghost of emsyzz the Firebug, an amateur DrFE (D:4)
  2 centaurs (D:6)
  A crocodile (Lair:1)
  A bullfrog (D:7)
  3 scorpions
  5 wights (D:9)
  3 killer bees (D:8)
  3 howler monkeys (D:7)
  5 crimson imps
  A quasit (D:9)
  A bullfrog zombie (D:9)
  6 hounds
  A centaur skeleton (D:8)
  2 centaur zombies
  4 jellies
  5 orc wizards
  3 orc priests
  2 bullfrog skeletons
  An iguana (D:5)
  5 worker ants
  A hound skeleton (D:4)
  2 worker ant zombies
  14 adders
  4 gnolls
  2 river rats (D:3)
  A shadow imp (D:8)
  An ooze (D:2)
  2 adder skeletons
  7 worms
  2 dart slugs
  3 leopard geckos
  46 orcs
  3 ball pythons
  7 bats
  7 giant cockroaches
  17 goblins
  11 hobgoblins
  11 jackals
  4 quokkas
  3 frilled lizards (D:4)
  20 kobolds
  A leopard gecko skeleton (D:8)
  11 rats
253 creatures vanquished.

Vanquished Creatures (others)
  A shadow (D:8)
  A water moccasin (D:8)
  An ogre (D:8)
  A big kobold (D:9)
  A bullfrog (D:8)
  An orc priest (D:8)
  A shadow imp (D:8)
  A plant (D:8)
8 creatures vanquished.

Grand Total: 261 creatures vanquished

Notes
Turn   | Place    | Note
-------+----------+-------------------------------------------
     0 | D:1      | Kosschaser the Merfolk Gladiator began the quest for the Orb.
     0 | D:1      | Reached XP level 1. HP: 16/16 MP: 1/1
    78 | D:1      | Reached XP level 2. HP: 22/22 MP: 2/2
   430 | D:1      | Reached XP level 3. HP: 25/28 MP: 3/3
  1113 | D:2      | Reached skill level 4 in Long Blades
  1113 | D:2      | Reached skill level 5 in Dodging
  1113 | D:2      | Reached XP level 4. HP: 26/34 MP: 4/4
  1119 | D:2      | Found a snail-covered altar of Cheibriados.
  1511 | D:2      | Reached skill level 1 in Stealth
  1859 | D:2      | Reached skill level 1 in Armour
  2056 | D:3      | Reached XP level 5. HP: 40/40 MP: 5/5
  2407 | D:3      | You fall through a shaft for 2 floors!
  2407 | D:5      | Entered Level 5 of the Dungeon
  2488 | D:5      | Noticed striepan's ghost (amateur DEFE)
  2751 | D:6      | Noticed Edmund
  2759 | D:6      | Reached skill level 5 in Long Blades
  2806 | D:5      | Noticed an ice beast
  2806 | D:5      | Reached XP level 6. HP: 47/47 MP: 6/6
  2825 | D:5      | Killed an ice beast
  3181 | D:5      | Found a white marble altar of Elyvilon.
  3281 | D:5      | Found a glowing silver altar of Zin.
  3290 | D:5      | Found a basalt altar of Yredelemnul.
  3330 | D:5      | Reached XP level 7. HP: 51/52 MP: 7/7
  3688 | D:5      | Reached skill level 6 in Long Blades
  4098 | D:3      | Found a bloodstained altar of Trog.
  4866 | D:4      | Found a staircase to the Ecumenical Temple.
  4885 | Temple   | Entered the Ecumenical Temple
  5089 | Temple   | Became a worshipper of Uskayaw the Reveler
  5135 | D:4      | Reached * piety under Uskayaw
  5163 | D:4      | You fall through a shaft for 3 floors!
  5170 | D:7      | Reached ** piety under Uskayaw
  5301 | D:7      | Reached skill level 7 in Long Blades
  5301 | D:7      | Reached XP level 8. HP: 48/60 MP: 4/8
  5446 | D:7      | Found an opulent altar of Gozag.
  5651 | D:7      | Reached *** piety under Uskayaw
  5789 | D:6      | Killed Edmund
  5792 | D:6      | Reached **** piety under Uskayaw
  5793 | D:6      | Reached skill level 8 in Long Blades
  6974 | D:5      | Found a sacrificial altar of Ru.
  7174 | D:4      | Reached skill level 5 in Fighting
  7174 | D:4      | Reached XP level 9. HP: 43/68 MP: 9/9
  7442 | D:4      | Noticed emsyzz's ghost (amateur DrFE)
  7463 | D:4      | Killed emsyzz's ghost
  7463 | D:4      | Reached skill level 9 in Long Blades
  7784 | D:7      | Reached ***** piety under Uskayaw
  8669 | D:8      | Found a flagged portal.
  8679 | Bailey   | Entered a bailey
  8715 | Bailey   | Noticed an orc knight
  9978 | Bailey   | Reached skill level 10 in Long Blades
 10518 | D:8      | Reached XP level 10. HP: 76/76 MP: 10/10
 10552 | D:8      | Noticed a two-headed ogre
 10621 | D:8      | Found a staircase to the Lair.
 10754 | D:8      | Reached skill level 5 in Stealth
 10966 | D:8      | Reached skill level 1 in Evocations
 11081 | D:8      | Killed a two-headed ogre
 11559 | D:9      | Reached skill level 11 in Long Blades
 11586 | D:9      | Gained mutation: You have sharp fingernails. [mutagenic glow]
 11613 | D:9      | Gained mutation: Your body sometimes deteriorates upon taking damage. [mutagenic glow]
 11641 | D:9      | Gained mutation: Your magical capacity is low. (-10% MP) [mutagenic glow]
 11808 | D:9      | Noticed a two-headed ogre
 12057 | Lair:1   | Entered Level 1 of the Lair of Beasts
 12404 | Lair:1   | Slain by a yak

Skill      XL: |  1  2  3  4  5  6  7  8  9 10 |
---------------+-------------------------------+-----
Long Blades    | 4 5 7 8 10 11 | 11.0
Dodging        | 5 6 7 8 |  8.6
Stealth        | 1 2 4 6 |  6.1
Armour         | 1 2 3 4 |  4.7
Fighting       | 3 4 5 6 |  6.6
Evocations     | 2 |  2.5
Throwing       | |  2.0

Action                   |  1- 3 |  4- 6 |  7- 9 | 10-12 || total
-------------------------+-------+-------+-------+-------++-------
Melee: Long sword        |   110 |   156 |   390 |    20 ||   676
       Tailslap          |       |       |     4 |       ||     4
       Falchion          |       |       |   228 |   121 ||   349
Invok: Stomp             |       |       |    12 |     1 ||    13
       Line Pass         |       |       |     1 |     1 ||     2
 Abil: Evoke Flight      |       |       |     2 |       ||     2
  Use: Scroll            |       |     6 |     2 |     2 ||    10
       Potion            |       |       |       |     2 ||     2
 Stab: Sleeping          |     2 |     4 |    11 |     6 ||    23
       Paralysed         |       |       |     8 |     3 ||    11
       Distracted        |       |       |     1 |     1 ||     2
  Eat: Chunk             |       |     8 |    22 |     4 ||    34
       Royal jelly       |       |       |     2 |     1 ||     3
Armor: Leather armour    |    32 |    33 |       |       ||    65
       Ring mail         |       |    10 |   167 |    10 ||   187
       Scale mail        |       |       |       |    19 ||    19
Dodge: Dodged            |    98 |   159 |   483 |    85 ||   825
       Rpst.: Long sword |    27 |    46 |    83 |     5 ||   161
       Falchion          |       |       |    48 |    22 ||    70
